 Dungeon Crawl Stone Soup version 0.21-a0-221-gfe971b9 (console) character file.

165 Duffy the Skirmisher (level 5, 0/44 HPs)
             Began as a Gnoll Fighter on Aug 27, 2017.
             Slain by an ogre
             ... wielding a cursed +0 giant club
              (13 damage)
             ... on level 4 of the Dungeon.
             The game lasted 00:02:35 (2328 turns).

Duffy the Skirmisher (Gnoll Fighter)                Turns: 2328, Time: 00:02:35

Health: 0/44       AC: 12    Str:  7    XL:     5   Next: 46%
Magic:  5/5        EV:  4    Int:  7    God:
Gold:   98         SH:  8    Dex:  7    Spells: 4/4 levels left

rFire    + + .     SeeInvis .   a - +1 war axe
rCold    x . .     Gourm    .   c - +0 shield
rNeg     + . .     Faith    .   l - +3 fire dragon scales
rPois    .         Spirit   .   (no helmet)
rElec    .         Reflect  .   (no cloak)
rCorr    .         Harm     .   (no gloves)
MR       .....                  (no boots)
Stlth    ..........             (no amulet)
HPRegen  0.14/turn              o - ring of positive energy
MPRegen  0.09/turn              (no ring)

@: no status effects
A: unchanging attributes, fangs 1, strong nose
a: no special abilities


You were on level 4 of the Dungeon.
You were not hungry.

You visited 1 branch of the dungeon, and saw 4 of its levels.

You collected 98 gold pieces.

Inventory:

Hand Weapons
 a - a +1 war axe (weapon)
Armour
 c - a +0 shield (worn)
 l - +3 fire dragon scales (worn)
Jewellery
 o - a ring of positive energy (left hand)
Scrolls
 i - a scroll of blinking
 j - 2 scrolls of remove curse
Potions
 b - a potion of degeneration {unknown}
 d - a potion of might
 e - a potion of curing
 h - 3 potions of heal wounds {unknown}
 k - a potion of lignification
 n - 2 potions of agility {unknown}
 p - a potion of berserk rage {unknown}
 q - a potion of ambrosia {unknown}
Comestibles
 f - 6 bread rations
 g - 4 chunks of flesh
 m - 4 fruits


   Skills:
 + Level 5.1 Fighting
 * Level 4.8 Axes
 + Level 5.0 Armour
 + Level 5.0 Shields


You had 4 spell levels left.
You didn't know any spells.

Dungeon Overview and Level Annotations

Branches:
Dungeon (4/15)
 Temple: D:4-7

Altars:

Annotations:
D:3 Grinder


Innate Abilities, Weirdness & Mutations

Your physical attributes are unchanging.
You have very sharp teeth.
Your uncanny sense of smell can sniff out nearby items.


Message History

You hit the ogre but do no damage. You block the ogre's attack.
You hit the ogre but do no damage. The ogre barely misses you.
Your fire dragon scales prevents you from hitting the ogre.
The ogre hits you with a giant club!
You hit the ogre.
The ogre is lightly wounded.
You block the ogre's attack.
You slash the ogre!
The ogre is moderately wounded.
The ogre hits you but does no damage.
Your fire dragon scales prevents you from hitting the ogre.
The ogre is moderately wounded.
The ogre hits you with a giant club!
You are too injured to fight recklessly!
You are too injured to fight recklessly!
You are too injured to fight recklessly!
You barely miss the ogre.
The ogre is moderately wounded.
The ogre hits you with a giant club!
You die...

{
###
#@#
#O#
#.#
...
.##
..
##


You could see an ogre.

Vanquished Creatures
  A scorpion (D:3)
  Jessica (D:3)
  2 adders
  4 dart slugs
  2 worms
  3 leopard geckos
  An orc (D:3)
  A giant cockroach (D:3)
  10 hobgoblins
  3 jackals (D:1)
  5 kobolds
  2 ball pythons (D:3)
  7 bats
  4 frilled lizards
  6 goblins
  4 rats
56 creatures vanquished.

Notes
Turn   | Place    | Note
-------+----------+-------------------------------------------
     0 | D:1      | Duffy the Gnoll Fighter began the quest for the Orb.
     0 | D:1      | Reached XP level 1. HP: 19/19 MP: 1/1
   170 | D:1      | Reached XP level 2. HP: 25/25 MP: 2/2
   468 | D:1      | Reached XP level 3. HP: 31/31 MP: 3/3
  1576 | D:2      | Reached XP level 4. HP: 29/38 MP: 4/4
  1936 | D:3      | Reached skill level 5 in Shields
  1936 | D:3      | Reached XP level 5. HP: 43/43 MP: 5/5
  1963 | D:3      | Noticed Jessica
  1974 | D:3      | Killed Jessica
  1974 | D:3      | Reached skill level 5 in Armour
  2123 | D:3      | Reached skill level 5 in Fighting
  2294 | D:3      | Noticed Grinder
  2320 | D:4      | Noticed an ogre
  2328 | D:4      | Slain by an ogre

Vault maps used:
D:1:      lightli_arrival_quake
D:3:      first_bread, uniq_sigmund, uniq_jessica, uniq_grinder
D:4:      minitemple, nicolae_qazlal_general_emergency

Skill      XL: |  1  2  3  4  5 |
---------------+----------------+-----
Axes           | 3 4 |  4.8
Shields        | 5 |  5.0
Armour         | 5 |  5.0
Fighting       | 5 |  5.1

Action                   |  1- 3 |  4- 6 || total
-------------------------+-------+-------++-------
Melee: War axe           |   115 |    81 ||   196
       Bite              |     4 |     3 ||     7
  Use: Scroll            |    11 |     1 ||    12
  Eat: Chunk             |     2 |       ||     2
       Fruit             |       |     2 ||     2
       Royal jelly       |       |     1 ||     1
Armor: Fire dragon scale |    91 |    40 ||   131
Dodge: Dodged            |    34 |    13 ||    47
Block: Shield            |    58 |    34 ||    92

Table legend:
 A = Spawn XP
 B = Non-spawn XP
 C = Spawn XP percentage of total XP
 D = Spawn monster count
 E = Non-spawn monster count
 F = Spawn count percentage of total count
 G = Total turns spent on level
                    A         B        C        D         E        F      G
               +---------+---------+-------+---------+---------+-------+---------
         Total |      31 |     205 |  13.1 |      10 |      46 |  17.9 |  2328
               +---------+---------+-------+---------+---------+-------+---------
           D:1 |      15 |      45 |  25.0 |       8 |      24 |  25.0 |  1028
           D:2 |      14 |      14 |  50.0 |       1 |       6 |  14.3 |   825
           D:3 |       2 |     146 |   1.4 |       1 |      16 |   5.9 |   467
               +---------+---------+-------+---------+---------+-------+---------
